 Dungeon Crawl Stone Soup version 0.31-a0-1009-g454b1f1e0a (webtiles) character file.

Game seed: 4849490817660251944

42287 ChronoRanger the Brawler (level 13, -1/123 HPs)
             Began as a Troll Monk on Nov 14, 2023.
             Was the Champion of Hepliaklqana.
             Slain by a skyshark (24 damage)
             ... on level 5 of the Lair of Beasts.
             The game lasted 00:32:11 (13301 turns).

ChronoRanger the Brawler (Troll Monk)              Turns: 13301, Time: 00:32:12

Health: -1/123     AC:  5    Str: 26    XL:     13   Next: 84%
Magic:  17/17      EV: 16    Int:  6    God:    Hepliaklqana [******]
Gold:   1094       SH:  5    Dex: 12    Spells: 12/12 levels left

rFire   . .          .
                       - Unarmed
rCold   . . .        c - orb {light}
rNeg    . . .        G - +0 troll leather armour
rPois   .            m - +0 hat
rElec   .            w - scarf {repulsion}
rCorr   +            (gloves unavailable)
SInv    .            (boots unavailable)
Will    .....        a - amulet of reflection
Stlth   +            y - ring of resist corrosion
HPRegen 2.00/turn    A - +5 ring of evasion
MPRegen 0.15/turn

%: repel missiles, reflection
@: glowing
A: reduced essence, large, unfitting armour, claws 3, regeneration 1, shaggy fur
1, tough skin 1
a: Renounce Religion, Recall Ancestor, Ancestor Identity, Transference, Idealise


You were on level 5 of the Lair of Beasts.
You worshipped Hepliaklqana.
Hepliaklqana was exalted by your worship.
You visited 3 branches of the dungeon, and saw 18 of its levels.
You visited the Abyss 1 time.

You collected 1094 gold pieces.

Inventory:

Missiles
 k - 4 throwing nets
Armour
 c - an orb of light (worn)
 m - a +0 hat (worn)
 q - a +0 cloak
 w - a scarf of repulsion (worn)
 D - +0 steam dragon scales
 G - a +0 troll leather armour (worn)
Jewellery
 a - an amulet of reflection (around neck)
 y - a ring of resist corrosion (left claw)
 A - a +5 ring of evasion (right claw)
Wands
 v - a wand of charming (7)
 F - a wand of digging (6)
 I - a wand of flame (7)
Scrolls
 f - 6 scrolls of enchant armour
 g - 2 scrolls of blinking
 i - 3 scrolls of teleportation
 j - 2 scrolls of silence
 n - 3 scrolls of poison
 z - a scroll of enchant weapon
 B - a scroll of revelation
 C - 2 scrolls of vulnerability
Potions
 b - 8 potions of ambrosia
 d - 9 potions of curing
 e - 3 potions of might
 h - 3 potions of heal wounds
 l - 3 potions of resistance
 o - 2 potions of invisibility
 p - 2 potions of magic {unknown}
 r - a potion of mutation {unknown}
 s - 2 potions of enlightenment
 t - a potion of berserk rage {unknown}
 u - a potion of haste
 x - 2 potions of lignification
 E - 2 potions of brilliance


   Skills:
 + Level 11.3 Fighting
 - Level 4.5 Dodging
 * Level 18.1 Unarmed Combat
 + Level 7.9 Invocations


You had 12 spell levels left.
You didn't know any spells.
Your spell library contained the following spells:

 Spells                   Type           Power      Damage    Failure   Level
 Sandblast                Erth           0%         2d4       50%         1
 Blink                    Tloc           0%         N/A       65%         2
 Ensorcelled Hibernation  Hex/Ice        0%         N/A       65%         2
 Jinxbite                 Hex            0%         N/A       65%         2
 Lesser Beckoning         Tloc           0%         N/A       65%         2
 Momentum Strike          Conj/Tloc      0%         3d8       65%         2
 Passwall                 Tmut/Erth      0%         N/A       65%         2
 Sublimation of Blood     Necr           0%         N/A       65%         2
 Wereblood                Tmut           0%         N/A       65%         2
 Hailstorm                Conj/Ice       0%         3d3       86%         3
 Stone Arrow              Conj/Erth      0%         3d7       86%         3
 Volatile Blastmotes      Fire/Tloc      0%         2d10      86%         3
 Anguish                  Hex/Necr       0%         N/A       99%         4
 Animate Armour           Summ/Erth      0%         N/A       99%         4
 Brom's Barrelling Bould  Conj/Erth      0%         2d3       99%         4
 Fulminant Prism          Conj/Hex       0%         3d5       99%         4
 Iskenderun's Mystic Bla  Conj/Tloc      0%         2d3       99%         4
 Summon Ice Beast         Ice/Summ       0%         N/A       99%         4
 Simulacrum               Ice/Necr       0%         N/A       100%        6
 Summon Hydra             Summ           0%         N/A       100%        7
 Lehudib's Crystal Spear  Conj/Erth      0%         10d2      100%        8


Dungeon Overview and Level Annotations

Branches:
Dungeon (12/15)            Temple (1/1) D:4            Lair (5/5) D:11
 Shoals (0/4) Lair:2       Spider (0/4) Lair:2
  Slime: Lair:4-5       Orc: D:9-12

Altars:
Ashenzari
Cheibriados
Dithmenos
Elyvilon
Fedhas
Gozag
Hepliaklqana
Kikubaaqudgha
Makhleb
Nemelex Xobeh
Okawaru
Qazlal
Ru
Sif Muna
Trog
Uskayaw
Vehumet
Wu Jian
Xom
Yredelemnul
Zin
The Shining One

Shops:
D:8 [   D:11 *

Annotations:
D:12 2 runed translucent doors, Azrael; pzskc383's ghost, journeyman GrFi
Lair:1 exclusion: oklob plant
Lair:2 2 transporters, Fandomethor's ghost, journeyman MfSh


Innate Abilities, Weirdness & Mutations

Your life essence is reduced to manifest your ancestor. (-10% HP)
You are too large for most types of armour.
You have claws for hands.
Your natural rate of healing is unusually fast.
You are covered in fur. (AC +1)
You have tough skin. (AC +1)


Message History

You start resting.
A skyshark comes into view.
Found 5 stones.
The skyshark misses you. The skyshark tail-slaps you. x2
There is a dry fountain here.
You scratch the skyshark.
The skyshark is lightly wounded.
The skyshark bites you!
The skyshark tastes blood and grows stronger!
The skyshark tail-slaps you. x2
You mangle the skyshark!!
The skyshark is moderately wounded.
You scratch the skyshark but do no damage.
The skyshark is moderately wounded.
The skyshark bites you!!
* * * LOW HITPOINT WARNING * * *
The skyshark enters a blood-rage!
The skyshark barely misses you. x2
You are too injured to fight recklessly!
You are too injured to fight recklessly!
You are too injured to fight recklessly!
You mangle the skyshark!!
The skyshark is heavily wounded.
The skyshark bites you.
* * * LOW HITPOINT WARNING * * *
The skyshark completely misses you. You block the skyshark's attack.
You mangle the skyshark!!
The skyshark is almost dead.
You block the skyshark's attack. The skyshark misses you.
The skyshark tail-slaps you!
* * * LOW HITPOINT WARNING * * *
You completely miss the skyshark.
The skyshark is almost dead.
The skyshark bites you!
* * * LOW HITPOINT WARNING * * *
You block the skyshark's attack. The skyshark tail-slaps you.
* * * LOW HITPOINT WARNING * * *
You barely miss the skyshark.
The skyshark is almost dead.
The skyshark bites you!!
You die...

.........###...###.....#
.... ........###...##
#...### ..... .......##
#....# ##..## .....
.....).# #...#.##....#
#..... ........
##....#....## ......
......
#..........###.....<
#...#.##...#./.....
..#...#........... .
+l@..#..††...##.
......#...#.....##...
..... #...####.## . .#..
#..... ... #. .##....
.... # .# ##........# .P
.⌠...⌠.## (. .......#


You could see a skyshark (berserk).

Vanquished Creatures
  A very ugly thing (Abyss:1)
  A great orb of eyes (Abyss:1)
  A centaur warrior (D:12)
  A hydra (Lair:2)
  A two-headed ogre (D:10)
  A boulder beetle (Lair:4)
  3 death yaks (Lair:5)
  3 thrashing horrors (Abyss:1)
  Sonja (D:12)
  2 wretched stars (Abyss:1)
  A pharaoh ant (Lair:2)
  Pikel (D:4)
  A lindwurm (Lair:5)
  An orc knight (D:10)
  An ugly thing (Abyss:1)
  2 manticores (Lair:2)
  A cyclops (D:12)
  9 elephants
  3 cane toads
  An unseen horror (D:10)
  3 black mambas
  2 rime drakes
  3 large abominations (Abyss:1)
  A tengu conjurer (D:8)
  3 komodo dragons
  A tormentor (Abyss:1)
  An ice devil (Abyss:1)
  2 trolls (D:12)
  An ancient zyme (Abyss:1)
  A queen bee (Lair:1)
  2 raiju (Abyss:1)
  5 blink frogs
  A jumping spider (Lair:2)
  4 slime creatures (D:12)
  Sigmund (D:6)
  A spriggan (Lair:5)
  5 small abominations
  A wraith (D:8)
  4 wyverns
  A shadow (D:11)
  A ynoxinul (Abyss:1)
  A steam dragon (D:9)
  29 yaks
  Edmund (D:4)
  3 acid dragons
  7 water moccasins
  A hell hound (D:12)
  8 orc warriors
  8 ice beasts
  A sky beast (D:7)
  A black bear (D:5)
  9 centaurs
  2 ogres
  6 wolves
  A lemure (D:4)
  2 kobold brigands
  6 bullfrogs
  A gnoll sergeant (D:8)
  2 scorpions
  15 wights
  24 killer bees (Lair:1)
  An electric eel (Lair:2)
  4 howler monkeys
  4 hounds
  A gnoll bouda (D:6)
  8 orc priests
  4 iguanas
  An iron imp (Abyss:1)
  Crazy Yiuf (D:3)
  12 orc wizards
  Ijyb (D:4)
  6 gnolls (D:6)
  7 adders
  A shadow imp (D:8)
  2 white imps (D:7)
  4 ufetubi
  2 worms (D:2)
  A dart slug (D:2)
  33 orcs
  4 endoplasms
  3 giant cockroaches
  9 goblins
  6 hobgoblins
  16 kobolds
  4 quokkas
  11 ball pythons
  4 bats
  3 frilled lizards
  6 rats
  A lurking horror (Abyss:1)
368 creatures vanquished.

Vanquished Creatures (collateral kills)
  A hydra (Lair:4)
  2 ugly things (D:8)
  An elephant (Lair:1)
  2 trolls (D:11)
  Grinder (D:6)
  A blink frog (Lair:2)
  A slime creature (D:12)
  5 yaks
  A basilisk (Lair:3)
  A hell hound (D:12)
  3 orc warriors
  An ogre (D:7)
  2 wolves
  3 centaurs
  3 bullfrogs
  A kobold brigand (D:6)
  A gnoll sergeant (D:6)
  A scorpion (Lair:2)
  2 wights
  A howler monkey (D:6)
  3 orc priests
  A hound (D:5)
  2 orc wizards (D:9)
  2 gnolls (D:6)
  19 orcs
  5 kobolds
  A quokka (D:5)
67 creatures vanquished.

Vanquished Creatures (others)
  6 battlemagi
  A lurking horror (Abyss:1)
7 creatures vanquished.

Grand Total: 442 creatures vanquished

Notes
Turn   | Place    | Note
-------+----------+-------------------------------------------
     0 | D:1      | ChronoRanger the Troll Monk began the quest for the Orb.
     0 | D:1      | Reached XP level 1. HP: 22/22 MP: 0/0
   192 | D:1      | Reached XP level 2. HP: 29/29 MP: 1/1
   523 | D:2      | Reached XP level 3. HP: 35/36 MP: 2/2
   697 | D:2      | Reached skill level 4 in Unarmed Combat
   754 | D:2      | Reached XP level 4. HP: 44/44 MP: 3/3
  1081 | D:3      | Reached XP level 5. HP: 50/53 MP: 4/4
  1684 | D:3      | Found a runed translucent door.
  1685 | D:3      | Noticed Crazy Yiuf
  1815 | D:3      | Killed Crazy Yiuf
  1853 | D:3      | Identified the +10 hammer of Ulaqeg {heavy, Int+4}
  1970 | D:4      | Reached skill level 5 in Unarmed Combat
  2028 | D:4      | Reached XP level 6. HP: 57/61 MP: 5/5
  2052 | D:4      | Noticed Edmund
  2067 | D:4      | Killed Edmund
  2169 | D:4      | Noticed Pikel
  2185 | D:4      | Killed Pikel
  2186 | D:4      | Reached skill level 6 in Unarmed Combat
  2186 | D:4      | Reached XP level 7. HP: 51/71 MP: 6/6
  2273 | D:4      | Reached skill level 7 in Unarmed Combat
  2374 | D:4      | Found a staircase to the Ecumenical Temple.
  2461 | Temple   | Entered the Ecumenical Temple
  2590 | Temple   | Became a worshipper of Hepliaklqana the Forgotten
  2590 | Temple   | Reached * piety under Hepliaklqana
  2590 | Temple   | Reached ** piety under Hepliaklqana
  2591 | Temple   | Remembered your ancestor Harklerb as a battlemage
  2696 | D:4      | Noticed Ijyb
  2699 | D:4      | Killed Ijyb
  2700 | D:4      | Reached XP level 8. HP: 71/71 MP: 7/7
  3138 | D:5      | Entered Level 5 of the Dungeon
  3368 | D:5      | Reached skill level 5 in Fighting
  3368 | D:5      | Reached skill level 8 in Unarmed Combat
  3989 | D:6      | Reached skill level 9 in Unarmed Combat
  4200 | D:6      | Reached XP level 9. HP: 80/80 MP: 8/8
  4202 | D:6      | Noticed Sigmund
  4207 | D:6      | Killed Sigmund
  4306 | D:6      | Noticed Grinder
  4312 | D:6      | Killed Grinder
  4419 | D:6      | Reached skill level 10 in Unarmed Combat
  4451 | D:6      | Reached *** piety under Hepliaklqana
  4779 | D:7      | Found an ancient bone altar of Kikubaaqudgha.
  4856 | D:7      | Identified the +4 bardiche of True Grit {protect, Int+3}
  5130 | D:7      | Reached skill level 11 in Unarmed Combat
  5260 | D:7      | Found a burning altar of Makhleb.
  5743 | D:8      | Found Genwott's Antique Armour Shoppe.
  5824 | D:8      | Reached XP level 10. HP: 90/91 MP: 9/9
  6475 | D:9      | Reached **** piety under Hepliaklqana
  6509 | D:9      | Reached skill level 12 in Unarmed Combat
  7186 | D:8      | Noticed a purple ugly thing
  7188 | D:8      | Noticed a white ugly thing
  7195 | D:8      | Killed a purple ugly thing
  7200 | D:8      | Killed a white ugly thing
  7263 | D:8      | Reached skill level 13 in Unarmed Combat
  7289 | D:10     | Entered Level 10 of the Dungeon
  7704 | D:10     | Reached XP level 11. HP: 81/101 MP: 10/10
  7937 | D:10     | Noticed a two-headed ogre
  7943 | D:10     | Killed a two-headed ogre
  8002 | D:10     | Noticed an orc knight
  8112 | D:10     | Reached skill level 14 in Unarmed Combat
  8123 | D:10     | Reached skill level 1 in Invocations
  8366 | D:10     | Killed an orc knight
  8573 | D:11     | Found Wiomnacs's Assorted Antiques.
  8689 | D:11     | Found a staircase to the Lair.
  9438 | D:12     | Reached skill level 15 in Unarmed Combat
  9486 | D:12     | Noticed Sonja
  9489 | Abyss:1  | Cast into level 1 of the Abyss (Sonja)
  9517 | Abyss:1  | Noticed a wretched star
  9523 | Abyss:1  | Killed a wretched star
  9528 | Abyss:1  | Reached ***** piety under Hepliaklqana
  9624 | Abyss:1  | Reached XP level 12. HP: 111/111 MP: 13/13
  9820 | Abyss:1  | Noticed a great orb of eyes
  9829 | Abyss:1  | Killed a great orb of eyes
  9951 | Abyss:1  | Reached skill level 10 in Fighting
  9951 | Abyss:1  | Reached skill level 5 in Invocations
 10045 | Abyss:1  | Noticed a white very ugly thing
 10048 | Abyss:1  | Found a corrupted altar of Lugonu.
 10049 | Abyss:1  | Noticed a white very ugly thing
 10064 | Abyss:1  | Reached skill level 16 in Unarmed Combat
 10064 | Abyss:1  | Killed a green very ugly thing
 10067 | D:12     | Escaped the Abyss
 10071 | D:12     | Killed Sonja
 10287 | D:12     | Noticed Azrael
 10389 | D:12     | Found a runed translucent gate.
 10390 | D:12     | Found a runed translucent gate.
 10394 | D:12     | Noticed pzskc383's ghost (journeyman GrFi)
 10395 | D:12     | Noticed a centaur warrior
 10403 | D:12     | Killed a centaur warrior
 10446 | Lair:1   | Entered Level 1 of the Lair of Beasts
 10903 | Lair:1   | Reached XP level 13. HP: 73/121 MP: 16/16
 11241 | Lair:2   | Reached skill level 17 in Unarmed Combat
 11403 | Lair:2   | Found a transporter.
 11410 | Lair:2   | Noticed Fandomethor's ghost (journeyman MfSh)
 11462 | Lair:2   | Found a transporter.
 11683 | Lair:2   | Found a hole to the Spider Nest.
 11834 | Lair:2   | Found a staircase to the Shoals.
 12520 | Lair:3   | Reached ****** piety under Hepliaklqana
 13074 | Lair:4   | Found a shimmering blue altar of Sif Muna.
 13075 | Lair:4   | You fall into a shaft and drop 1 floor!
 13075 | Lair:5   | Entered Level 5 of the Lair of Beasts
 13184 | Lair:5   | Reached skill level 18 in Unarmed Combat
 13301 | Lair:5   | Slain by a skyshark

Illustrated notes

Levels and vault maps discovered:
D:1:      psy_arrival_conway, layout_basic
D:2:      layout_rooms
D:3:      layout_basic, minmay_shallow_snake_nest, uniq_crazy_yiuf_cottage
D:4:      cheibrodos_old_hovel, layout_basic, minmay_temple_entry_large_hall,
          kennysheep_orc_chapel, uniq_pikel, uniq_ijyb, uniq_edmund
D:5:      layout_basic
D:6:      layout_cave_pods, uniq_sigmund, uniq_grinder
D:7:      layout_basic, kiku_gazebo_pond_becter, lemuel_tele_altar
D:8:      cheibrodos_elevator_heist, layout_basic, serial_shops,
          nicolae_take_the_stairs, minmay_misc_feat_tiny
D:9:      layout_loops_ring
D:10:     layout_loops_corners, lightli_church_of_beogh
D:11:     layout_irregular_city, hellmonk_lair_entry_icy, serial_shops, shop
D:12:     layout_grid_maze, orc_0_dummy, biasface_ghost_orc_armoury, uniq_sonja,
          uniq_azrael
Temple:   mainiacjoe_temple_big_plus
Lair:1:   layout_misc_corridors, special_room [special_room_bee]
Lair:2:   layout_layer_cave, minmay_shoals_entry_beasts,
          nicolae_spider_entry_lesser_pyramids, nzn_ghost_randoct, st_stairs_3,
          serial_bayou_shore_a
Lair:3:   layout_small_grid
Lair:4:   layout_cave_pods, basic_altar, gammafunk_ghost_cemetery,
          mumra_transporter_accident, evilmike_ambush
          [evilmike_ambush_outer_basic, evilmike_ambush_inner_pond]
Lair:5:   hellmonk_lair_end_abyssal_woods, layout_long_grid, slime_entry_2,
          grunt_megastairs_4, lemuel_fruit_tree

Skill      XL: |  1  2  3  4  5  6  7  8  9 10 11 12 13 |
---------------+----------------------------------------+-----
Unarmed Combat | 4 5 6 7 9 11 13 15 16 18 | 18.1
Dodging        | 3 4 |  4.5
Fighting       | 3 4 5 7 8 9 10 11 | 11.3
Invocations    | 3 6 7 |  7.9

Action                     |  1- 3 |  4- 6 |  7- 9 | 10-12 | 13-15 || total
---------------------------+-------+-------+-------+-------+-------++-------
  Melee: Unarmed           |    71 |   111 |   191 |   383 |   206 ||   962
 Invoke: Ancestor Life: Ba |       |       |     1 |       |       ||     1
         Ancestor Identity |       |       |     1 |       |       ||     1
  Evoke: Wand              |       |       |       |     1 |     8 ||     9
    Use: Scroll            |       |     3 |     8 |     7 |     6 ||    24
         Potion            |       |       |       |     1 |     1 ||     2
   Stab: Distracted        |       |       |       |     7 |     2 ||     9
 Armour: Robe              |    39 |    62 |   116 |    37 |       ||   254
         Steam dragon scal |       |       |       |   132 |       ||   132
         Troll leather arm |       |       |       |   121 |   110 ||   231
  Dodge: Dodged            |    47 |    50 |    94 |   180 |    98 ||   469
         Repelled          |       |       |     1 |     3 |       ||     4
  Block: Orb               |       |       |       |    65 |    33 ||    98
         Reflection        |       |       |       |     7 |     1 ||     8

Table legend: (Time is in decaauts)
 A = Elapsed time spent in this place.
 B = Non-inter-level travel time spent in this place.
 C = Inter-level travel time spent in this place.
 D = Time resting spent in this place.
 E = Time spent auto-exploring this place.
 F = Levels seen in this place.
 G = Mean time per level.
                   A        B        C        D        E       F      G
               +--------+--------+--------+--------+--------+-----+--------+
         Total |  13088 |  12510 |    578 |    253 |   9882 |  19 |  688.8 |
       Dungeon |   9606 |   9107 |    499 |    192 |   7311 |  12 |  800.5 |
        Temple |    152 |    131 |     21 |      0 |      0 |   1 |  152.0 |
          Lair |   2775 |   2718 |     57 |     61 |   2172 |   5 |  555.0 |
         Abyss |    553 |    553 |      0 |      0 |    399 |   1 |  553.0 |
               +--------+--------+--------+--------+--------+-----+--------+

Top non-repeatable levels by time:
    D:10: 1212 daAuts
     D:4: 1086 daAuts
     D:7: 927 daAuts
    D:11: 914 daAuts
     D:6: 901 daAuts
     D:8: 856 daAuts
  Lair:2: 847 daAuts
     D:3: 820 daAuts
  Lair:3: 792 daAuts
     D:9: 749 daAuts
  Lair:1: 715 daAuts
     D:5: 672 daAuts
     D:2: 583 daAuts
 Abyss:1: 553 daAuts
     D:1: 476 daAuts
